 Dungeon Crawl Stone Soup version 0.29.1-2-gbd0b4ee654 (webtiles) character file.

Game seed: 1567604233490416956

102 safid the Shooter (level 4, -1/41 HPs)
             Began as a Minotaur Hunter on Nov 30, 2022.
             Slain by an orc priest
             ... wielding a +0 club
              (2 damage)
             ... on level 3 of the Dungeon.
             The game lasted 00:03:46 (2112 turns).

safid the Shooter (Minotaur Hunter)                 Turns: 2112, Time: 00:03:47

Health: -1/41      AC:  3    Str: 15    XL:     4   Next: 49%
Magic:  3/3        EV: 12    Int:  6    God:
Gold:   107        SH:  0    Dex: 16    Spells: 3/3 levels left

rFire   . . .      SeeInvis .   a - +0 shortbow
rCold   . . .      Faith    .   (shield currently unavailable)
rNeg    . . .      Spirit   .   c - +0 leather armour
rPois   .          Reflect  .   (helmet restricted)
rElec   .          Harm     .   (no cloak)
rCorr   .          Rampage  .   (no gloves)
Will    .....                   (no boots)
Stlth   +.........              (no amulet)
HPRegen 0.13/turn               (no ring)
MPRegen 0.08/turn               (no ring)

@: no status effects
A: horns 2, retaliatory headbutt
a: no special abilities


You were on level 3 of the Dungeon.
You visited 1 branch of the dungeon, and saw 3 of its levels.

You collected 107 gold pieces.

Inventory:

Hand Weapons
 a - a +0 shortbow (weapon)
Armour
 c - a +0 leather armour (worn)
Jewellery
 o - a ring of willpower
Scrolls
 b - a scroll of immolation
 d - 2 scrolls of teleportation {unknown}
 h - a scroll of butterflies {unknown}
 i - a scroll of summoning {unknown}
 j - 2 scrolls of poison {unknown}
 m - 3 scrolls of blinking {unknown}
 n - a scroll of noise {unknown}
 p - a scroll of enchant armour {unknown}
Potions
 e - a potion of attraction {unknown}
 f - a potion of resistance {unknown}
 g - a potion of haste {unknown}
 k - a potion of lignification {unknown}
 l - a potion of curing {unknown}
 q - a potion of mutation {unknown}


   Skills:
 + Level 4.4 Fighting
 + Level 5.6 Ranged Weapons
 - Level 2.1 Dodging
 - Level 0.7 Stealth


You had 3 spell levels left.
You didn't know any spells.
Your spell library contained the following spells:

 Spells                   Type           Power      Damage    Failure   Level
 Freeze                   Ice            0%         1d3       52%         1
 Frozen Ramparts          Ice            0%         1d1       88%         3
 Hailstorm                Conj/Ice       0%         3d3       99%         4


Dungeon Overview and Level Annotations

Branches:
Dungeon (3/15)

Altars:


Innate Abilities, Weirdness & Mutations

You have a pair of horns on your head.
You reflexively headbutt those who attack you in melee.


Message History

The orc wizard flickers and vanishes!
Deactivating autopickup; reactivate with Ctrl-A.
The orc priest mumbles some strange prayers to Beogh against you.
Beogh smites you!
* * * LOW HITPOINT WARNING * * *
Fire: a) +0 shortbow
Press: ? - help, Q - select action Shift-Dir - straight line, f/p - orc priest
Aim: an orc priest, wielding a +0 club and wearing a +0 chain mail (moderately wounded, 71% to hit)
You shoot an arrow.
The arrow completely misses the orc priest.
The orc priest hits you with a +0 club.
* * * LOW HITPOINT WARNING * * *
An endoplasm comes into view.
Unknown command.
Fire: a) +0 shortbow
Press: ? - help, Q - select action Shift-Dir - straight line, f/p - orc priest
Aim: an orc priest, wielding a +0 club and wearing a +0 chain mail (moderately wounded, 71% to hit)
You shoot an arrow. The arrow hits the orc priest.
The orc priest is severely wounded.
The orc priest hits you with a +0 club.
* * * LOW HITPOINT WARNING * * *
Unknown command.
Fire: a) +0 shortbow
Press: ? - help, Q - select action Shift-Dir - straight line, f/p - orc priest
Aim: an orc priest, wielding a +0 club and wearing a +0 chain mail (severely wounded, 71% to hit)
You shoot an arrow.
The arrow hits the orc priest but does no damage.
The orc priest is severely wounded.
The orc priest mumbles some strange prayers to Beogh against you.
Pain shoots through your body!
* * * LOW HITPOINT WARNING * * *
The orc priest hits you with a +0 club.
* * * LOW HITPOINT WARNING * * *
Fire: a) +0 shortbow
Press: ? - help, Q - select action Shift-Dir - straight line, f/p - orc priest
Aim: an orc priest, wielding a +0 club and wearing a +0 chain mail (severely wounded, 71% to hit)
You shoot an arrow. The arrow hits the orc priest.
The orc priest is severely wounded.
The orc priest hits you with a +0 club.
You die...

#.. #.#
###########.#
.#.........#.#######
..................<#
........############
................
.#....#.########
#..#.#@# #....#o#
.....


K.o .#.)..#.J) #....#..#. .. ##.#.# ... $. # ... #. You could see an orc priest,
an orc wizard, an endoplasm and a kobold.

Vanquished Creatures
  5 adders
  3 worms (D:2)
  A dart slug (D:1)
  An orc (D:3)
  4 ball pythons
  3 endoplasms
  2 giant cockroaches (D:2)
  3 hobgoblins
  5 kobolds
  4 quokkas
  5 bats
  3 frilled lizards
  4 goblins
  2 rats (D:2)
45 creatures vanquished.

Vanquished Creatures (others)
  A fungus (D:2)
1 creature vanquished.

Grand Total: 46 creatures vanquished

Notes
Turn   | Place    | Note
-------+----------+-------------------------------------------
     0 | D:1      | safid the Minotaur Hunter began the quest for the Orb.
     0 | D:1      | Reached XP level 1. HP: 18/18 MP: 0/0
   273 | D:1      | Reached XP level 2. HP: 24/26 MP: 1/1
  1049 | D:2      | Reached skill level 5 in Ranged Weapons
  1049 | D:2      | Reached XP level 3. HP: 26/31 MP: 2/2
  1372 | D:2      | Reached XP level 4. HP: 40/40 MP: 3/3
  1767 | D:2      | Found a faded altar of an unknown god.
  2111 | D:3      | HP: 2/41 [orc priest/nerve-wracking pain (5)]
  2112 | D:3      | Slain by an orc priest

Illustrated notes

Levels and vault maps discovered:
D:1:      sevenhm_arrival_forest_fort_large_2, layout_loops_cross,
          kennysheep_minor_cross
D:2:      minmay_skewed_foursquare, layout_loops_ring,
          dreamdust_ecumenical_altar_grove
D:3:      layout_basic, serial_shops,
          nicolae_shop_temple_entry_statues_fountains, uniq_natasha

Skill      XL: |  1  2  3 |
---------------+----------+-----
Fighting       | 3 4 |  4.4
Ranged Weapons | 5 |  5.6
Dodging        | |  2.1
Stealth        | |  0.7

Action                   |  1- 3 |  4- 6 || total
-------------------------+-------+-------++-------
 Fire: Shortbow          |    71 |    53 ||   124
Armor: Leather armour    |     3 |     7 ||    10
Dodge: Dodged            |    17 |    10 ||    27
